 Dungeon Crawl Stone Soup version 0.27-a0-1200-g94dc6ad4cf (webtiles) character file.

Game seed: 6201698893525136925

16 openice22 the Firebug (level 2, 0/17 HPs)
             Began as an Octopode Fire Elementalist on June 1, 2021.
             Slain by a giant cockroach (2 damage)
             ... on level 1 of the Dungeon.
             The game lasted 00:15:52 (948 turns).

openice22 the Firebug (Octopode Fire Elementalist)   Turns: 948, Time: 00:15:53

Health: 0/17       AC:  1    Str:  7    XL:     2   Next: 54%
Magic:  5/5        EV: 13    Int: 17    God:
Gold:   16         SH:  0    Dex: 12    Spells: 4/5 levels left

rFire    . . .     SeeInvis .   b - +0 dagger
rCold    . . .     Faith    .   (no shield)
rNeg     . . .     Spirit   .   (helmet restricted)
rPois    .         Reflect  .   (no amulet)
rElec    .         Harm     .   (no ring)
rCorr    .         Rampage  .   (no ring)
Will     .....                  (no ring)
Stlth    +++.......             (no ring)
HPRegen  0.05/turn              (no ring)
MPRegen  0.09/turn              (no ring)
                                (no ring)
                                (no ring)

@: no status effects
A: almost no armour, amphibious, 8 rings, camouflage 1, gelatinous body 1,
(nimble swimmer 1), tentacles
a: no special abilities


You were on level 1 of the Dungeon.
You visited 1 branch of the dungeon, and saw 2 of its levels.

You collected 16 gold pieces.

Inventory:

Hand Weapons
 b - a +0 dagger (weapon)
Missiles
 c - 20 sling bullets
Armour
 a - a +0 pair of boots
 f - a +0 chain mail
Scrolls
 d - a scroll of fog {unknown}
 e - a scroll of teleportation {unknown}
Potions
 g - a potion of resistance {unknown}


   Skills:
 + Level 2.0 Dodging
 + Level 2.9 Stealth
 + Level 0.2 Unarmed Combat
 + Level 2.3 Spellcasting
 + Level 1.0 Conjurations
 + Level 3.3 Fire Magic


You had 4 spell levels left.
You knew the following spells:

 Your Spells              Type           Power      Damage    Failure   Level
a - Foxfire               Conj/Fire      36%        2x1d5     8%          1

Your spell library contained the following spells:

 Spells                   Type           Power      Damage    Failure   Level
 Animate Skeleton         Necr           4%         N/A       19%         1
 Apportation              Tloc           4%         N/A       19%         1
 Corona                   Hex            2%         N/A       19%         1
 Summon Small Mammal      Summ           8%         N/A       19%         1
 Conjure Flame            Conj/Fire      9%         6-21      22%         3
 Inner Flame              Hex/Fire       7%         N/A       28%         3
 Sticky Flame             Conj/Fire      9%         2d3       58%         4
 Fireball                 Conj/Fire      4%         3d4       91%         5


Dungeon Overview and Level Annotations

Branches:
Dungeon (2/15)

Altars:

Shops:
D:2 *

Annotations:
D:1 Start. Unsure if anything significant is here?
D:2 Escape hatch on this level


Innate Abilities, Weirdness & Mutations

You cannot wear most types of armour.
You are amphibious.
You can wear up to eight rings at the same time.
Your skin changes colour to match your surroundings (Stealth+).
Your rubbery body absorbs attacks. (AC +1, EV +1)
((You are camouflaged near water. (Stealth+)))
You have tentacles for arms and can constrict up to eight enemies at once.


Message History

You kill the ball python!
You see here a ball python corpse.
Found a stone staircase leading up.
There is a stone staircase leading up here.
You climb upwards.
Level annotation: Start.
Unsure if anything significant is here?
A bat, a quokka and a hobgoblin come into view.
Found 10 gold pieces.
There is a stone staircase leading down here.
You hit the quokka but do no damage. Your grab misses the quokka.
The quokka barely misses you.
You closely miss the quokka. Your grab misses the quokka.
Your squeeze misses the quokka. The quokka bites you.
The quokka barely misses you.
You miss the quokka. Your grab misses the quokka. The quokka bites you.
You closely miss the quokka. You grab the quokka. You constrict the quokka.
The quokka bites you.
You hit the quokka but do no damage.
The quokka is lightly wounded.
You constrict the quokka. The quokka closely misses you.
You hit the quokka but do no damage.
The quokka is moderately wounded.
You constrict the quokka. The quokka bites you.
* * * LOW HITPOINT WARNING * * *
You hit the quokka but do no damage.
The quokka is heavily wounded.
You constrict the quokka. The quokka barely misses you. The quokka bites you.
* * * LOW HITPOINT WARNING * * *
You hit the quokka.
You kill the quokka!
The hobgoblin barely misses you.
You see here 10 gold pieces.
A giant cockroach comes into view.
Found a gluggy blue potion.
A quokka comes into view.
You see here a gluggy blue potion.
g - a gluggy blue potion The giant cockroach barely misses you.
The hobgoblin barely misses you. The giant cockroach bites you.
You die...

########.######.
...... #.# ## ......
#.# . r.....# ... #.
......######### ..l.
#.
.............##......
#.
#..................
#. #.....g........
#.....B@.......
#..........##..
#..........# ...
#.########.# ...
#.####### .# ###..
#$......# .
....##.#####.# #
...#.# #.#.#


You could see a giant cockroach and a hobgoblin.

Vanquished Creatures
  A dart slug (D:1)
  A giant cockroach (D:2)
  A goblin (D:2)
  A hobgoblin (D:2)
  4 quokkas
  2 ball pythons
  2 frilled lizards
  A rat (D:1)
13 creatures vanquished.

Vanquished Creatures (others)
  A foxfire (D:2)
1 creature vanquished.

Grand Total: 14 creatures vanquished

Notes
Turn   | Place    | Note
-------+----------+-------------------------------------------
     0 | D:1      | openice22 the Octopode Fire Elementalist began the quest
                  | for the Orb.
     0 | D:1      | Reached XP level 1. HP: 11/11 MP: 3/3
   439 | D:1      | Reached XP level 2. HP: 6/17 MP: 5/5
   906 | D:2      | Found Gijuod's General Store.
   948 | D:1      | Slain by a giant cockroach

Illustrated notes

Levels and vault maps discovered:
D:1:      psy_arrival_fountain, layout_basic, serial_shops,
          nicolae_shop_behind_doors, minmay_liquid_box, kennysheep_nondescript
D:2:      layout_basic, serial_shops, nicolae_shop_trees, minmay_tetromino_i4

Action                   || total
-------------------------++-------
Melee: Unarmed           ||    24
       Constrict         ||     9
       Tentacles         ||     4
       Dagger            ||    16
 Cast: Foxfire           ||     1
 Stab: Sleeping          ||     3
Armor: Skin              ||     4
Dodge: Dodged            ||    22

Table legend: (Time is in decaauts)
 A = Elapsed time spent in this place.
 B = Non-inter-level travel time spent in this place.
 C = Inter-level travel time spent in this place.
 D = Time resting spent in this place.
 E = Time spent auto-exploring this place.
 F = Levels seen in this place.
 G = Mean time per level.
                   A        B        C        D        E       F      G
               +--------+--------+--------+--------+--------+-----+--------+
         Total |    947 |    947 |      0 |    564 |     76 |   2 |  473.5 |
       Dungeon |    947 |    947 |      0 |    564 |     76 |   2 |  473.5 |
               +--------+--------+--------+--------+--------+-----+--------+

Top non-repeatable levels by time:
     D:1: 701 daAuts
     D:2: 246 daAuts
